 Dungeon Crawl Stone Soup version 0.28.0-45-g0d030f2227 (webtiles) character file.

Game seed: 3835108648068027008

225202 RepHenryClay the Stormcaller (level 19, -9/134 HPs)
             Began as a Naga Air Elementalist on Apr 18, 2022.
             Was a High Priest of Vehumet.
             Mangled by a bunyip (14 damage)
             ... on level 4 of the Swamp on Apr 20, 2022.
             The game lasted 02:23:09 (59374 turns).

RepHenryClay the Stormcaller (NaAE)                Turns: 59374, Time: 02:23:09

Health: -9/134     AC: 14    Str: 17    XL:     19   Next: 32%
Magic:  5/34       EV: 13    Int: 33    God:    Vehumet [*****.]
Gold:   1260       SH:  8    Dex: 19    Spells: 4/40 levels left

rFire   + . .      SeeInvis +   a - staff of air
rCold   + . .      Faith    .   b - +1 buckler {rN+}
rNeg    + . .      Spirit   .   Q - +2 robe {rC+}
rPois   +          Reflect  .   U - +2 helmet {Int+3}
rElec   +          Harm     .   V - +2 cloak {Will+}
rCorr   .          Rampage  .   f - +2 pair of gloves {infuse}
Will    +++..                   q - +0 barding
Stlth   ++++++....              N - amulet of Lust {Acrobat *Corrode Regen+ Str+6 Dex+3}
HPRegen 1.12/turn               w - +6 ring of intelligence
MPRegen 0.24/turn               E - ring "Tisian" {rF+ Int+3 Dex+2}

@: grasped by roots, corroded, constricted, very slow
A: AC +6, large, see invisible, deformed body, poison resistance, slowness 2,
spit poison 1, naga tail 2
}: 1/15 runes: serpentine
a: Spit Poison, Renounce Religion


You were on level 4 of the Swamp.
You worshipped Vehumet.
Vehumet was extremely pleased with you.
You visited 6 branches of the dungeon, and saw 32 of its levels.
You also visited: Ossuary, Gauntlet, Ice Cave and Volcano.

You collected 2957 gold pieces.
You spent 1697 gold pieces at shops.

Inventory:

Missiles
 A - a throwing net (quivered)
Armour
 b - a +1 buckler of positive energy (worn)
 f - a +2 pair of gloves of infusion (worn)
 n - a +1 cloak of preservation
 q - a +0 barding (worn)
 B - a +0 robe of positive energy
 D - a +2 robe of willpower
 J - a +1 robe of the Archmagi
 Q - a +2 robe of cold resistance (worn)
 U - a +2 helmet of intelligence (worn)
 V - a +2 cloak of willpower (worn)
Magical Staves
 a - a staff of air (weapon)
 u - a staff of poison
 G - a staff of cold
 L - a staff of fire
Jewellery
 i - the ring "Tubayrasch" {rPois Int+2 SInv}
   (You took it off a meliai on level 14 of the Dungeon)

   [ring of see invisible]

   Int:       It affects your intelligence (+2).
   rPois:     It protects you from poison.
   SInv:      It lets you see invisible.
 w - a +6 ring of intelligence (left hand)
 y - a ring of protection from fire
 E - the ring "Tisian" (right hand) {rF+ Int+3 Dex+2}
   (You found it on level 4 of the Dungeon)

   [ring of protection from fire]

   Int:       It affects your intelligence (+3).
   Dex:       It affects your dexterity (+2).
   rF:        It protects you from fire.
 F - the ring of Moodiness {Drain rElec rC+++ Int+6 Dex-5 Slay+2}
   (You took it off a minotaur in a Gauntlet)

   [ring of intelligence]

   Int:       It affects your intelligence (+6).
   Dex:       It affects your dexterity (-5).
   Slay:      It affects your accuracy & damage with ranged weapons and melee
   (+2).
   rC:        It renders you almost immune to cold.
   rElec:     It insulates you from electricity.
   Drain:     It drains your maximum health when unequipped.
 N - the amulet of Lust (around neck) {Acrobat *Corrode Regen+ Str+6 Dex+3}
   (You found it on level 11 of the Dungeon)

   [amulet of the acrobat]

   It increases your evasion while moving and waiting.
   Str:       It affects your strength (+6).
   Dex:       It affects your dexterity (+3).
   Regen:     It increases your rate of health regeneration.
   *Corrode:  It may corrode you when you take damage.
 P - a ring of ice
 T - the ring "Pairhy" {rC+ Str+5}
   (You took it off a centaur warrior on level 14 of the Dungeon)

   [ring of protection from cold]

   Str:       It affects your strength (+5).
   rC:        It protects you from cold.
 X - the ring of the Shouting Augurer {Ice Dex+4}
   (You found it in a Gauntlet)

   [ring of ice]

   It enhances your ice magic.
   Dex:       It affects your dexterity (+4).
   rF:        It makes you vulnerable to fire.
   rC:        It protects you from cold.
 Y - a ring of resist corrosion
Wands
 o - a wand of acid (7)
 C - a wand of charming (11)
 I - a wand of iceblast (6)
 K - a wand of digging (36)
 M - a wand of mindburst (49)
 Z - a wand of paralysis (12)
Scrolls
 d - 5 scrolls of amnesia
 j - 3 scrolls of teleportation
 l - 4 scrolls of fear
 r - a scroll of brand weapon
 v - 4 scrolls of enchant armour
 x - 5 scrolls of enchant weapon
 H - a scroll of blinking
 O - 2 scrolls of fog
 R - a scroll of summoning
 S - 11 scrolls of identify {@r1}
 W - 2 scrolls of magic mapping
Potions
 c - 3 potions of magic
 e - 2 potions of resistance
 g - 2 potions of flight
 h - 4 potions of haste
 k - 6 potions of might
 m - 3 potions of mutation
 p - 3 potions of heal wounds
 s - 5 potions of brilliance
 t - 4 potions of attraction
 z - 9 potions of curing


   Skills:
 - Level 8.1 Staves
 - Level 13.5 Dodging
 - Level 13.5 Stealth
 - Level 11.5 Shields
 - Level 11.4 Spellcasting
 - Level 13.1 Conjurations
 - Level 3.0 Translocations
 - Level 15.4 Air Magic
 + Level 10.1 Evocations


You had 4 spell levels left.
You knew the following spells:

 Your Spells              Type           Power      Damage    Failure   Level
a - Stone Arrow           Conj/Erth      100%       3d13      1%          3
b - Static Discharge      Conj/Air       100%       N/A       0%          2
c - Iskenderun's Mystic   Conj/Tloc      64%        2d13      1%          4
d - Airstrike             Air            55%        N/A       1%          4
e - Lightning Bolt        Conj/Air       53%        1d74      1%          5
f - Iron Shot             Conj/Erth      29%        9d6       8%          6
g - Orb of Destruction    Conj           40%        9d11      3%          7
h - Freezing Cloud        Conj/Ice/Air   44%        6-21      1%          5

Your spell library contained the following spells:

 Spells                   Type           Power      Damage    Failure   Level
 Spellforged Servitor     Conj/Summ      29%        N/A       36%         7
 Shock                    Conj/Air       100%       1d9       0%          1
 Swiftness                Air            100%       N/A       0%          3
 Sandblast                Erth           36%        2d10      1%          1
 Poisonous Vapours        Pois/Air       100%       N/A       1%          2
 Dazzling Flash           Conj/Hex       100%       N/A       1%          3
 Summon Lightning Spire   Summ/Air       81%        N/A       1%          4
 Beastly Appendage        Tmut           36%        N/A       2%          1
 Pain                     Necr           72%        1d7       2%          1
 Sting                    Tmut/Pois      72%        1d6       2%          1
 Summon Small Mammal      Summ           72%        N/A       2%          1
 Ignite Poison            Fire/Tmut/Pois 18%        N/A       2%          3
 Ensorcelled Hibernation  Hex/Ice        36%        N/A       4%          2
 Passwall                 Tmut/Erth      15%        N/A       4%          2
 Sublimation of Blood     Necr           18%        N/A       4%          2
 Wereblood                Tmut           18%        N/A       4%          2
 Olgreb's Toxic Radiance  Pois           18%        N/A       8%          4
 Call Canine Familiar     Summ           18%        N/A       9%          3
 Spider Form              Tmut/Pois      18%        N/A       9%          3
 Summon Guardian Golem    Hex/Summ       18%        N/A       9%          3
 Tukima's Dance           Hex            18%        N/A       9%          3
 Passage of Golubria      Tloc           38%        N/A       9%          4
 Anguish                  Hex/Necr       9%         N/A       28%         4
 Dispel Undead            Necr           18%        3d11      28%         4
 Leda's Liquefaction      Hex/Erth       9%         N/A       28%         4
 Petrify                  Tmut/Erth      18%        N/A       28%         4
 Fireball                 Conj/Fire      29%        3d13      1%          5
 Irradiate                Conj/Tmut      29%        3d23      1%          5
 Iskenderun's Battlesphe  Conj           81%        2d13      1%          5
 Conjure Ball Lightning   Conj/Air       53%        3x3d18    1%          6
 Starburst                Conj/Fire      29%        6d9       8%          6
 Lee's Rapid Deconstruct  Erth           9%         3d8*      21%         5
 Yara's Violent Unravell  Hex/Tmut       9%         3d6       21%         5
 Alistair's Intoxication  Tmut/Pois      12%        N/A       61%         5
 Borgnjor's Vile Clutch   Necr/Erth      9%         N/A       61%         5
 Eringya's Noxious Bog    Tmut/Pois      9%         N/A       69%         6
 Statue Form              Tmut/Erth      12%        N/A       99%         6
 Enfeeble                 Hex            9%         N/A       100%        7
 Borgnjor's Revivificati  Necr           9%         N/A       100%        8
 Necromutation            Tmut/Necr      9%         N/A       100%        8
 Death's Door             Necr           9%         N/A       100%        9


Dungeon Overview and Level Annotations

Branches:
Dungeon (15/15)            Temple (1/1) D:6            Lair (6/6) D:8
  Swamp (4/4) Lair:2        Snake (4/4) Lair:2        Slime (0/5) Lair:5
    Orc (2/2) D:11            Elf (0/3) Orc:2        Vaults (0/5) D:13
 Depths (0/4) D:15        Ossuary (visited)           IceCv (visited)
Volcano (visited)         Gauntlet (visited)

Altars:
Ashenzari
Cheibriados
Dithmenos
Elyvilon
Fedhas
Gozag
Hepliaklqana
Makhleb
Okawaru
Qazlal
Ru
Sif Muna
Trog
Uskayaw
Vehumet
Wu Jian
Xom
Yredelemnul
Zin
The Shining One
Beogh

Shops:
D:11 [   D:13 *   Orc:2 ?*[(   Snake:1 =[([   Snake:2 *


Innate Abilities, Weirdness & Mutations

Your serpentine skin is tough. (AC +6)
You have supernaturally acute eyesight. (SInv)
Armour fits poorly on your strangely shaped body.
Your system is resistant to poisons. (rPois)
You cover ground very slowly.
You can spit poison.
You can use your snake-like lower body to constrict enemies.


Message History

Confirm with . or Enter, or press ? or * to list all spells.
You erupt in a blast of force!
The mystic blast hits the bog body!
The bog body is moderately damaged.
The bog body is knocked back by the mystic blast.
The mystic blast hits the goliath frog.
The goliath frog is moderately wounded.
The goliath frog is knocked back by the mystic blast.
The goliath frog collides with the bog body!
The bog body is heavily damaged.
The goliath frog is heavily wounded.
The mystic blast hits the shambling mangrove!
The shambling mangrove is severely damaged.
The shambling mangrove is knocked back by the mystic blast.
You hear a hideous shriek!
The bog body gestures at you while chanting.
The bolt of cold hits you!! You resist.
* * * LOW HITPOINT WARNING * * *
Huge Dmg: -13%(-17hp) hp: 26%(34hp)
The roots' grasp on you weakens, but your attempt to escape fails.
Casting: Iskenderun's Mystic Blast (safe; 1% risk of failure)
Confirm with . or Enter, or press ? or * to list all spells.
Okay, then.
The roots' grasp on you weakens, but your attempt to escape fails.
The grasping roots constrict you!
* * * LOW HITPOINT WARNING * * *
The goliath frog hits you but does no damage.
Huge Dmg: -12%(-16hp) hp: 15%(20hp) Unknown command.
Okay, then.
You feel much better. The goliath frog hits you from afar!
* * * LOW HITPOINT WARNING * * *
The acid corrodes you!
You are splashed with acid!
* * * LOW HITPOINT WARNING * * *
The shambling mangrove hits you.
* * * LOW HITPOINT WARNING * * *
The grasping roots constrict you!
* * * LOW HITPOINT WARNING * * *
The bunyip claws you.
* * * LOW HITPOINT WARNING * * *
The bunyip claws you!
You die...

≈≈≈≈≈≈≈≈≈≈≈.≈≈≈≈≈x≈≈≈≈≈≈≈≈≈≈,≈≈≈≈≈,
≈≈≈≈≈≈≈..≈≈≈≈≈≈)≈≈f≈≈≈≈≈≈≈≈≈≈,≈≈≈,≈
≈≈*≈*....≈..≈≈≈♣≈≈≈≈≈≈≈≈≈≈≈≈,**,,,,
,≈≈≈≈♣≈§≈≈.≈≈≈≈♣♣.≈≈≈≈≈*≈≈≈,***≈,≈*
*≈≈≈≈≈♣§≈≈≈≈≈≈≈♣♣.≈≈≈≈°°≈≈≈,,***≈,≈
≈≈≈≈≈≈≈≈≈≈≈≈≈≈≈,♣≈♣♣.°≈≈≈≈≈≈,,***,≈
*≈≈≈≈≈♣.....≈..♣♣§♣*♣..≈≈≈≈≈≈≈* **,
**≈≈≈≈♣.....≈♣♣≈x♣♣ *,,≈≈≈≈≈≈,****,
**≈♣≈)♣.≈≈≈.≈≈.§f@♣♣**≈,,,*,,,,*≈≈≈
≈,≈≈.≈≈≈.≈≈≈♣.≈n..≈♣****≈**≈,,≈**,≈
,,≈§≈≈.♣......w♣F...≈♣****,,,****≈≈
≈≈≈≈≈≈...≈≈.≈≈≈.♣≈≈≈≈.♣ *≈≈≈* **≈
≈≈.§≈...†≈≈.≈≈≈.♣≈≈≈≈≈♣* *≈≈,* **≈
≈,!..≈≈≈≈...≈≈≈.≈.≈≈...♣ ***** *,≈
*,≈≈≈≈≈≈≈≈♣≈.≈≈≈..≈≈.♣.♣ **,
≈,.≈≈..≈≈≈♣≈≈≈≈≈≈≈≈≈≈♣♣♣ **,
,,.≈.♣≈≈≈.≈≈≈≈≈≈.≈≈...** *,≈


You could see a shambling mangrove, a bunyip, a goliath frog, a bog body and a
swamp worm.

Vanquished Creatures
  Mara (Snake:3)
  Vashnia (Snake:4)
  A tentacled monstrosity (Swamp:3)
  Jorgrun (Swamp:1)
  Rupert (Lair:5)
  Mlioglotl (Swamp:1)
  A thorn hunter (Swamp:4)
  2 storm dragons
  2 fenstrider witches (Swamp:3)
  A nagaraja (Snake:4)
  A fire giant (D:14)
  An orc warlord (Orc:2)
  4 ghouls
  A war gargoyle (D:13)
  5 eleionomae (Swamp:3)
  6 bunyips
  A minotaur (Gauntlet)
  An ettin (D:13)
  A fire dragon (Lair:6)
  Fannar (D:10)
  A fire dragon (shapeshifter) (D:15)
  A shambling mangrove (Swamp:3)
  11 boulder beetles
  A salamander tyrant (Snake:4)
  10 vault guards
  Erolcha (D:10)
  A spriggan air mage (Swamp:3)
  15 hydras
  9 naga warriors
  A death knight (D:14)
  12 anacondas
  Erica (D:10)
  11 centaur warriors
  An ogre mage (Orc:1)
  10 two-headed ogres
  4 death yaks
  5 tengu warriors
  A death yak (shapeshifter) (D:14)
  3 catoblepae
  9 alligators
  3 orc high priests (Orc:2)
  2 deep troll earth magi (D:14)
  8 spriggans
  13 naga sharpshooters
  6 shock serpents
  5 goliath frogs
  7 salamander mystics
  A deep troll (D:15)
  A steelbarb worm (shapeshifter) (D:14)
  5 spriggan druids
  3 lindwurms
  5 wizards
  5 bog bodies
  A naga ritualist (Snake:1)
  6 mana vipers
  A necromancer (D:15)
  2 orc knights
  8 deep elf pyromancers
  11 cyclopes
  3 manticores
  A manticore (shapeshifter) (D:13)
  10 orc sorcerers
  12 ugly things
  19 salamanders
  A moth of wrath (shapeshifter) (D:13)
  3 elephants (Lair:4)
  8 will-o-the-wisps
  23 black mambas
  3 molten gargoyles (Lair:6)
  6 guardian serpents
  6 cane toads
  2 gargoyles (D:14)
  A kobold demonologist (D:10)
  A torpor snail (Lair:4)
  7 naga magi
  A yaktaur (D:15)
  4 rime drakes
  11 komodo dragons
  An efreet (D:14)
  3 tengu conjurers
  A freezing wraith (D:14)
  An ice devil (Gauntlet)
  2 entropy weaver simulacra (IceCv)
  2 polar bears (Lair:1)
  2 meliai (D:14)
  6 trolls
  2 bloated husks (Swamp:1)
  A wind drake (shapeshifter) (D:14)
  13 hornets
  10 slime creatures
  4 dream sheep
  10 blink frogs
  A meliai zombie (D:11)
  8 tyrant leeches
  A culicivora (shapeshifter) (D:14)
  3 shadows
  A vampire (D:14)
  3 wraiths
  22 yaks
  5 wyverns
  7 basilisks
  5 humans (D:13)
  4 steam dragons
  21 vampire mosquitoes
  9 swamp worms
  A harpy simulacrum (D:14)
  2 wargs (Orc:1)
  21 nagas
  3 acid dragons
  Duvessa (D:4)
  4 hell hounds (Lair:6)
  3 black bears
  14 water moccasins
  3 ice beasts
  A sky beast (D:7)
  A swamp drake (Swamp:1)
  30 orc warriors
  7 ogres
  2 necrophages
  4 boggarts (D:14)
  15 wolves
  2 centaurs
  3 kobold brigands
  12 bullfrogs
  2 gnoll sergeants (D:6)
  5 water moccasin zombies (Ossuary)
  Dowan (D:4)
  8 killer bees
  3 wights (D:8)
  6 howler monkeys
  2 electric eels
  9 lava snakes
  6 centaur zombies
  2 bullfrog skeletons
  3 jellies
  4 hounds
  2 gnoll shamans
  16 orc priests
  Jessica (D:2)
  Natasha (thrice) (D:4)
  Terence (D:2)
  38 orc wizards
  A scorpion zombie (D:5)
  2 hell rats (Lair:3)
  2 killer bee zombies
  A howler monkey zombie (D:6)
  2 mummies (Ossuary)
  13 gnolls
  9 adders
  11 river rats (Lair:3)
  5 shadow imps
  9 white imps
  3 adder zombies (Ossuary)
  2 adder skeletons (D:4)
  7 dart slugs
  82 orcs
  8 endoplasms
  2 giant cockroaches
  2 gnoll zombies (Ossuary)
  2 goblins
  12 hobgoblins
  10 jackals (D:1)
  3 quokkas
  7 ball pythons
  3 bats
  5 frilled lizards
  2 hobgoblin zombies (Ossuary)
  13 kobolds
  6 kobold zombies (Ossuary)
  6 orc zombies (Ossuary)
  3 rats
979 creatures vanquished.

Vanquished Creatures (collateral kills)
  A naga (Snake:1)
1 creature vanquished.

Vanquished Creatures (others)
  2 vault guards (D:13)
  A spriggan (Swamp:1)
  A hornet (Swamp:1)
  3 humans (D:13)
  A bush (Lair:6)
  20 demonic plants (Gauntlet)
  16 foxfires
  43 fungi
  53 plants
140 creatures vanquished.

Grand Total: 1120 creatures vanquished

Notes
Turn   | Place    | Note
-------+----------+-------------------------------------------
     0 | D:1      | RepHenryClay the Naga Air Elementalist began the quest for
                  | the Orb.
     0 | D:1      | Reached XP level 1. HP: 15/15 MP: 3/3
   312 | D:1      | Reached XP level 2. HP: 22/22 MP: 0/5
   723 | D:1      | Reached XP level 3. HP: 4/28 MP: 0/6
  1362 | D:1      | Learned a level 2 spell: Static Discharge
  1912 | D:2      | Reached XP level 4. HP: 36/36 MP: 3/7
  2290 | D:2      | Learned a level 4 spell: Iskenderun's Mystic Blast
  2670 | D:2      | Noticed Jessica
  2672 | D:2      | Killed Jessica
  2673 | D:2      | Reached skill level 1 in Translocations
  2761 | D:2      | Reached XP level 5. HP: 15/42 MP: 0/8
  3090 | D:2      | Noticed Terence
  3094 | D:2      | Killed Terence
  3566 | D:3      | Found Zaura's Magic Scroll Emporium.
  3573 | D:3      | Bought a scroll of noise for 10 gold pieces
  3573 | D:3      | Bought a scroll of teleportation for 30 gold pieces
  3826 | D:3      | Reached XP level 6. HP: 49/49 MP: 2/9
  3896 | D:3      | Found a blossoming altar of Fedhas.
  4035 | D:3      | Found an ornate altar of the Wu Jian Council.
  4324 | D:3      | Reached skill level 5 in Conjurations
  4436 | D:3      | Found a broken altar of Ashenzari.
  4721 | D:3      | Found a faded altar of an unknown god.
  4837 | D:4      | Found a shimmering blue altar of Sif Muna.
  4854 | D:4      | Noticed Dowan
  5044 | D:4      | Noticed Natasha
  5053 | D:4      | Killed Natasha
  5077 | D:4      | Found a sand-covered staircase.
  5086 | Ossuary  | Entered an ossuary
  5179 | Ossuary  | Reached XP level 7. HP: 28/55 MP: 5/10
  6097 | D:4      | Noticed Natasha
  6102 | D:4      | Killed Natasha
  6184 | D:4      | Noticed Natasha
  6192 | D:4      | Killed Natasha
  6203 | D:4      | Found a shimmering altar of Xom.
  6364 | D:4      | Reached XP level 8. HP: 7/62 MP: 0/11
  6911 | D:4      | Noticed Duvessa
  6920 | D:4      | Identified the ring "Tisian" {rF+ Int+3 Dex+2}
  6969 | D:5      | Entered Level 5 of the Dungeon
  7183 | D:5      | Found an iron altar of Okawaru.
  7587 | D:5      | Reached skill level 1 in Staves
  7742 | D:5      | Found an opulent altar of Gozag.
  8210 | D:5      | Learned a level 4 spell: Airstrike
  8702 | D:6      | Reached skill level 4 in Air Magic
  8975 | D:6      | Reached XP level 9. HP: 56/68 MP: 5/14
  9178 | D:6      | Found a burning altar of Makhleb.
  9471 | D:6      | Found the +7 staff of the Meek {protect, meekguard}
 10280 | D:6      | Found a staircase to the Ecumenical Temple.
 10287 | Temple   | Entered the Ecumenical Temple
 10319 | Temple   | Became a worshipper of Vehumet
 10555 | D:6      | Reached skill level 1 in Evocations
 11182 | D:7      | Found a stormy altar of Qazlal.
 11303 | D:7      | Reached skill level 5 in Air Magic
 11861 | D:7      | Reached skill level 5 in Dodging
 11975 | D:7      | Reached * piety under Vehumet
 11975 | D:7      | Offered knowledge of Sandblast by Vehumet.
 12043 | D:7      | Found a shadowy altar of Dithmenos.
 12444 | D:7      | Reached XP level 10. HP: 60/75 MP: 5/17
 12683 | D:8      | Learned a level 5 spell: Lightning Bolt
 12698 | D:8      | Found a snail-covered altar of Cheibriados.
 12749 | D:8      | Reached skill level 5 in Spellcasting
 12771 | D:8      | Reached skill level 6 in Air Magic
 13070 | D:8      | Found a staircase to the Lair.
 13294 | D:8      | Noticed a deep elf pyromancer
 13405 | D:8      | Noticed a centaur warrior
 13421 | D:8      | Killed a deep elf pyromancer
 13627 | D:4      | Killed Dowan
 13630 | D:4      | Killed Duvessa
 13836 | D:8      | Killed a centaur warrior
 13837 | D:8      | Reached skill level 7 in Air Magic
 13985 | D:8      | Noticed a deep elf pyromancer
 13986 | D:8      | Noticed a boulder beetle
 14055 | Lair:1   | Entered Level 1 of the Lair of Beasts
 14700 | Lair:1   | Reached skill level 10 in Conjurations
 14700 | Lair:1   | Reached XP level 11. HP: 58/81 MP: 6/20
 15510 | Lair:2   | Noticed a catoblepas
 15514 | Lair:1   | Killed a catoblepas
 15515 | Lair:1   | Reached skill level 8 in Air Magic
 16306 | Lair:2   | Found a staircase to the Swamp.
 16620 | Lair:2   | Found a hide-covered altar of Uskayaw.
 16663 | Lair:2   | Found a staircase to the Snake Pit.
 17190 | Lair:3   | Reached skill level 9 in Air Magic
 17627 | Lair:3   | Offered knowledge of Poisonous Vapours by Vehumet.
 17969 | Lair:4   | Reached ** piety under Vehumet
 18811 | Lair:3   | Reached XP level 12. HP: 25/88 MP: 23/23
 19078 | Lair:4   | Reached skill level 10 in Air Magic
 20279 | Lair:4   | Noticed a boulder beetle
 20287 | Lair:4   | Killed a boulder beetle
 20358 | Lair:4   | Reached skill level 11 in Air Magic
 21760 | Lair:5   | Found a bloodstained altar of Trog.
 22088 | Lair:5   | Noticed Rupert
 22142 | Lair:5   | Found a staircase to the Slime Pits.
 22411 | Lair:5   | Noticed a six-headed hydra
 22470 | Lair:6   | Entered Level 6 of the Lair of Beasts
 22470 | Lair:6   | Noticed a death yak
 22470 | Lair:6   | Noticed a death yak
 22470 | Lair:6   | Noticed a death yak
 22470 | Lair:6   | Noticed a death yak
 22479 | Lair:5   | Killed a death yak
 22525 | Lair:5   | Killed Rupert
 22552 | Lair:5   | Killed a six-headed hydra
 23117 | Lair:6   | Noticed a five-headed hydra
 23121 | Lair:6   | Killed a five-headed hydra
 23122 | Lair:6   | Reached skill level 10 in Stealth
 23151 | Lair:6   | Noticed a six-headed hydra
 23299 | Lair:6   | Noticed a five-headed hydra
 23302 | Lair:6   | Killed a five-headed hydra
 23303 | Lair:6   | Gained mutation: You can use your snake-like lower body to
                  | constrict enemies. [Naga growth]
 23303 | Lair:6   | Reached XP level 13. HP: 94/94 MP: 8/24
 24332 | Lair:6   | Offered knowledge of Frozen Ramparts by Vehumet.
 24480 | Lair:6   | Found a basalt altar of Yredelemnul.
 25053 | Lair:6   | Learned a level 4 spell: Summon Lightning Spire
 25057 | Lair:6   | Reached skill level 12 in Air Magic
 25057 | Lair:6   | Reached XP level 14. HP: 102/102 MP: 25/25
 25650 | Lair:6   | Reached *** piety under Vehumet
 25819 | Lair:6   | Reached skill level 10 in Dodging
 26078 | Lair:6   | Found a large runed translucent door.
 26576 | Lair:6   | Reached skill level 13 in Air Magic
 26786 | Lair:6   | Found a large runed translucent door.
 27751 | D:8      | Learned a level 3 spell: Stone Arrow
 27792 | D:8      | Offered knowledge of Ignite Poison by Vehumet.
 29329 | D:9      | Found a glowing silver altar of Zin.
 29894 | D:10     | Entered Level 10 of the Dungeon
 29900 | D:10     | Noticed Erica
 29904 | D:10     | Killed Erica
 30008 | D:10     | Noticed Fannar
 30014 | D:10     | Killed Fannar
 30086 | D:10     | Reached **** piety under Vehumet
 30627 | D:10     | Noticed Erolcha
 30630 | D:10     | Killed Erolcha
 30856 | D:3      | Bought a scroll of magic mapping for 35 gold pieces
 30856 | D:3      | Bought a scroll of immolation for 35 gold pieces
 30856 | D:3      | Bought a scroll of fog for 20 gold pieces
 30856 | D:3      | Bought a scroll of identify for 20 gold pieces
 30856 | D:3      | Bought a scroll of enchant weapon for 75 gold pieces
 30856 | D:3      | Bought a scroll of identify for 20 gold pieces
 31270 | D:10     | Found a basalt altar of Yredelemnul.
 31706 | D:11     | Found a frozen archway.
 31715 | IceCv    | Entered an ice cave
 32081 | D:11     | Reached skill level 14 in Air Magic
 32105 | D:11     | Reached XP level 15. HP: 95/108 MP: 6/26
 32472 | D:11     | Found a staircase to the Orcish Mines.
 32483 | D:11     | Offered knowledge of Fireball by Vehumet.
 32533 | D:11     | Found Temmul's Armour Shoppe.
 32544 | D:11     | Bought a +2 helmet of intelligence for 215 gold pieces
 32695 | D:11     | Found a large runed translucent door.
 32696 | D:11     | Found a large runed translucent door.
 32706 | D:11     | Found a large runed translucent door.
 32706 | D:11     | Found a large runed translucent door.
 33376 | D:11     | Identified the amulet of Lust {Acrobat *Corrode Regen+
                  | Str+6 Dex+3}
 33546 | Orc:1    | Entered Level 1 of the Orcish Mines
 33710 | Orc:1    | You fall into a shaft and drop 1 floor!
 33710 | Orc:2    | Entered Level 2 of the Orcish Mines
 33732 | Orc:2    | Found a dark tunnel.
 33742 | Volcano  | Entered a volcano
 34318 | Orc:1    | Reached ***** piety under Vehumet
 34318 | Orc:1    | Offered knowledge of Spellforged Servitor by Vehumet.
 34522 | Orc:2    | Noticed an orc warlord
 34527 | Orc:1    | Reached skill level 15 in Air Magic
 35402 | Orc:2    | Killed an orc warlord
 36084 | Orc:2    | Offered knowledge of Orb of Destruction by Vehumet.
 36097 | Orc:1    | Learned a level 7 spell: Orb of Destruction
 36313 | Orc:2    | Found Vioshry's Antique Weapon Boutique.
 36313 | Orc:2    | Found Recexkem's General Store.
 36314 | Orc:2    | Found Runyrem's Magic Scroll Shop.
 36318 | Orc:2    | Found Wylleygi's Antique Armour Boutique.
 36324 | Orc:2    | Bought a scroll of fear for 49 gold pieces
 36324 | Orc:2    | Bought a scroll of identify for 28 gold pieces
 36326 | Orc:2    | Bought a runed cloak for 240 gold pieces
 36327 | Orc:2    | Bought a scroll of magic mapping for 52 gold pieces
 36327 | Orc:2    | Bought a scroll of teleportation for 45 gold pieces
 36327 | Orc:2    | Bought a scroll of fear for 52 gold pieces
 36327 | Orc:2    | Bought a scroll of magic mapping for 52 gold pieces
 36675 | Orc:2    | Paralysed by an orc sorcerer for 3 turns
 36708 | Orc:2    | Found a staircase to the Elven Halls.
 36962 | D:12     | Found a gate leading to a gauntlet.
 36995 | Gauntlet | Entered a Gauntlet
 36995 | Gauntlet | Found a transporter.
 36995 | Gauntlet | Found a transporter.
 36996 | Gauntlet | Found a transporter.
 36999 | Gauntlet | Found a transporter.
 36999 | Gauntlet | Found a transporter.
 37001 | Gauntlet | Found a transporter.
 37011 | Gauntlet | Found a transporter.
 37013 | Gauntlet | Found a transporter.
 37015 | Gauntlet | Found a large runed translucent door.
 37016 | Gauntlet | Found a large runed translucent door.
 37017 | Gauntlet | Found a large runed translucent door.
 37017 | Gauntlet | Found a large runed translucent door.
 37017 | Gauntlet | Found a runed translucent door.
 37018 | Gauntlet | Found a large runed translucent door.
 37019 | Gauntlet | Found a large runed translucent door.
 37020 | Gauntlet | Found a large runed translucent door.
 37020 | Gauntlet | Found a large runed translucent door.
 37021 | Gauntlet | Found a runed translucent gate.
 37023 | Gauntlet | Found a transporter.
 37128 | Gauntlet | Found a transporter.
 37131 | Gauntlet | Found a transporter.
 37133 | Gauntlet | Found a large runed translucent door.
 37134 | Gauntlet | Found a large runed translucent door.
 37135 | Gauntlet | Found a large runed translucent door.
 37135 | Gauntlet | Found a large runed translucent door.
 37135 | Gauntlet | Found a runed translucent door.
 37136 | Gauntlet | Found a large runed translucent door.
 37137 | Gauntlet | Found a large runed translucent door.
 37138 | Gauntlet | Found a large runed translucent door.
 37138 | Gauntlet | Found a large runed translucent door.
 37139 | Gauntlet | Found a runed translucent gate.
 37139 | Gauntlet | Found a runed translucent gate.
 37141 | Gauntlet | Found a transporter.
 37314 | Gauntlet | Identified the ring of the Shouting Augurer {Ice Dex+4}
 37386 | Gauntlet | Identified the +0 pair of boots "Erhusem" {Will+}
 37405 | Gauntlet | Identified the +4 ring mail of Limitation {Str+4}
 37405 | Gauntlet | Identified the ring of Moodiness {Drain rElec rC+++ Int+6
                  | Dex-5 Slay+2}
 38757 | D:13     | Found Zeheuq's Assorted Antiques.
 38764 | D:13     | Bought an emerald ring for 115 gold pieces
 38764 | D:13     | Bought a potion of heal wounds for 115 gold pieces
 38764 | D:13     | Bought a scroll of magic mapping for 80 gold pieces
 38764 | D:13     | Bought a scroll of fear for 80 gold pieces
 38952 | D:13     | Noticed a storm dragon
 38971 | D:12     | Reached XP level 16. HP: 66/115 MP: 4/28
 39560 | D:13     | Found a gate to the Vaults.
 39664 | D:13     | Found the +5 sword of Power {vorpal}
 40357 | D:13     | Killed a storm dragon
 40358 | D:13     | Reached skill level 1 in Shields
 41799 | D:14     | Offered knowledge of Freezing Cloud by Vehumet.
 41800 | D:14     | Reached skill level 5 in Shields
 42496 | D:14     | Noticed a storm dragon
 42501 | D:14     | Killed a storm dragon
 42959 | D:14     | Identified the +3 leather armour "Wonem" {Fly rCorr Dex-5}
 42959 | D:14     | Identified the ring "Tubayrasch" {rPois Int+2 SInv}
 43121 | D:14     | Got the Almanac of Fiery Necromancy
 43238 | D:15     | Entered Level 15 of the Dungeon
 44325 | D:15     | Found a staircase to the Depths.
 44725 | D:14     | Reached XP level 17. HP: 104/121 MP: 20/30
 44727 | D:14     | Reached skill level 10 in Spellcasting
 45334 | D:14     | Identified the ring "Pairhy" {rC+ Str+5}
 46694 | Snake:1  | Entered Level 1 of the Snake Pit
 47707 | Snake:1  | Found Vitykhliu's Antique Armour Shoppe.
 47709 | Snake:1  | Found Yzivvex's Antique Weapon Shoppe.
 47709 | Snake:1  | Found Tuhoefuh's Armour Emporium.
 47714 | Snake:1  | Found Zumeam's Jewellery Emporium.
 47726 | Snake:1  | Bought an embroidered cloak for 247 gold pieces
 48374 | Snake:1  | Learned a level 5 spell: Freezing Cloud
 48480 | Snake:2  | Found Losticve's General Store.
 48488 | Snake:2  | Bought a scroll of blinking for 82 gold pieces
 48937 | Snake:2  | Found a basalt altar of Yredelemnul.
 49208 | Snake:2  | You fall into a shaft and drop 1 floor!
 49299 | Snake:2  | Offered knowledge of Iron Shot by Vehumet.
 49308 | Snake:2  | Learned a level 6 spell: Iron Shot
 50202 | Snake:3  | Noticed Mara
 50234 | Snake:3  | Noticed RepHenryClay's illusion
 50237 | Snake:3  | Killed Mara
 50714 | Snake:4  | Entered Level 4 of the Snake Pit
 50784 | Snake:4  | Reached skill level 5 in Staves
 50935 | Snake:4  | Noticed Vashnia
 51265 | Snake:4  | Reached XP level 18. HP: 128/128 MP: 27/33
 51351 | Snake:4  | Killed Vashnia
 51962 | Snake:4  | Identified the +7 chain mail "Ussini Tuuti" {Harm rElec
                  | MP-9 Dex+4}
 53334 | Snake:4  | Reached skill level 10 in Shields
 53717 | Snake:4  | Offered knowledge of Ozocubu's Refrigeration by Vehumet.
 53819 | Snake:4  | Got a serpentine rune of Zot
 54085 | Swamp:1  | Entered Level 1 of the Swamp
 55213 | Swamp:1  | Noticed Mlioglotl
 55260 | Swamp:1  | Noticed Jorgrun
 55273 | Swamp:1  | Killed Jorgrun
 56127 | Swamp:1  | Killed Mlioglotl
 56406 | Swamp:2  | Reached skill level 5 in Evocations
 57949 | Swamp:3  | Reached XP level 19. HP: 100/134 MP: 8/34
 58518 | Swamp:3  | Noticed a tentacled monstrosity
 58543 | Swamp:3  | Killed a tentacled monstrosity
 59036 | Swamp:4  | Entered Level 4 of the Swamp
 59234 | Swamp:4  | Reached skill level 10 in Evocations
 59360 | Swamp:4  | Offered knowledge of Spellforged Servitor by Vehumet.
 59374 | Swamp:4  | HP: 5/134 [bunyip (3)]
 59374 | Swamp:4  | Mangled by a bunyip

Illustrated notes

Levels and vault maps discovered:
D:1:      lightli_iron_boxes, layout_basic
D:2:      layout_basic, uniq_terence, uniq_jessica
D:3:      layout_basic, ashenzari_altar_1, amcnicky_altar_gilded,
          marbit_many_paths, serial_shops, shop,
          shapermc_ecumenical_altar_pompeii, glass_columns_b
D:4:      layout_rooms, mainiacjoe_overflow_surrounded_room,
          mainiacjoe_overflow_catwalk, nicolae_ossuary_entry_ruins,
          uniq_duvessa, uniq_natasha
D:5:      layout_loops_ring, mainiacjoe_overflow_tiny_flanked,
          mainiacjoe_overflow_alcove_2
D:6:      layout_cave_pools, mainiacjoe_overflow_concentric_impassable,
          minmay_temple_entry_nine_rooms, pf_guarded_unrand_meek,
          uniq_crazy_yiuf_cottage
D:7:      layout_basic, nicolae_qazlal_style_of_elements, grunt_dithmenos_smoke,
          kennysheep_generic_room_9
D:8:      minmay_bloctagon, layout_cave_pods, cheibriados_altar_1,
          david_lair_shrubbed, serial_rivers, chequers_serial_rivers_room_a,
          chequers_serial_rivers_micro_a, chequers_serial_rivers_small_3,
          chequers_serial_rivers_small_3
D:9:      layout_basic, zin_academy
D:10:     layout_cave_pools, mainiacjoe_overflow_small_starburst, uniq_erolcha,
          uniq_fannar, uniq_erica
D:11:     layout_basic, orc_david_3, portal_ice_cave_rime,
          minmay_hollow_rounded_squares
D:12:     layout_roguey, gauntlet_entry_generic
D:13:     minmay_guarded_unrand_sword_of_power, layout_loops_ring,
          ximxim_vaults_locker_room, serial_shops, nicolae_shop_stone,
          serial_bayou_ford_a
D:14:     minmay_nested_s, layout_irregular_city, serial_bayou_pond_d
D:15:     hangedman_depths_entry_civil_slaughter, layout_loops_ring,
          hangedman_abyss_or_decor_slice
Temple:   compressed_dpeg_triangle_lava_temple
Lair:1:   layout_cave_pods
Lair:2:   layout_long_grid, minmay_swamp_entry_swarm, dummy_snake_entry,
          basic_altar, serial_bayou_pond_b
Lair:3:   layout_regular_city, kennysheep_rathole
Lair:4:   layout_cave_pods, grunt_megastairs_4
Lair:5:   layout_cave_pods, dpeg_slime_entry_corner, basic_altar, uniq_rupert
Lair:6:   cheibrodos_lair_end_hotspot, layout_cave_pods, basic_altar,
          chequers_serial_rivers_micro_b
Swamp:1:  layout_falls_marsh, serial_swamp_ruin, evilmike_swamp_ruin_house_1,
          evilmike_swamp_ruin_house_2, evilmike_swamp_ruin_rubble_1,
          hangedman_swamp_lotus, uniq_jorgrun, uniq_mlioglotl
Swamp:2:  layout_basic_swamp, hangedman_swamp_blocks
Swamp:3:  nzn_winding_woodlands_small [nzn_winding_woodlands_5x15_zeroes,
          nzn_winding_woodlands_center_pierced_h,
          nzn_winding_woodlands_5x15_eye], layout_falls_marsh,
          nicolae_swamp_ascending_descending, swamp_pool2,
          nicolae_swamp_well_well_well
Swamp:4:  swamp, layout_basic_swamp, swamp_pool2
Snake:1:  layout_basic, lemuel_fruit_tree, grunt_megastairs_2, minmay_shoptagon
Snake:2:  layout_layer_cave, serial_shops, shop, basic_altar
Snake:3:  layout_misc_corridors, uniq_mara
Snake:4:  snake_pit_salamanders_mu, layout_layer_cave, uniq_vashnia
Orc:1:    layout_diamond_mine
Orc:2:    st_orc_mages, layout_caves, nicolae_volcano_entry_lava_flow

Skill      XL: |  1  2  3  4  5  6  7  8  9 10 11 12 13 14 15 16 17 18 19 |
---------------+----------------------------------------------------------+-----
Conjurations   | 2 3 4 6 8 10 11 12 13 | 13.1
Translocations | 1 2 3 |  3.0
Dodging        | 3 5 6 8 9 11 12 13 | 13.5
Staves         | 2 5 8 |  8.1
Spellcasting   | 3 4 6 7 8 9 11 | 11.4
Air Magic      | 4 5 7 9 11 12 14 15 | 15.4
Evocations     | 2 3 7 10 | 10.1
Stealth        | 11 13 | 13.5
Shields        | 8 9 11 | 11.5

Action                   |  1- 3 |  4- 6 |  7- 9 | 10-12 | 13-15 | 16-18 | 19-21 || total
-------------------------+-------+-------+-------+-------+-------+-------+-------++-------
Melee: Unarmed           |    59 |       |       |       |       |       |       ||    59
       Punch             |     1 |     1 |     1 |     1 |    10 |     2 |       ||    16
       Short sword       |       |    63 |       |       |       |       |       ||    63
       Rapier            |       |    34 |    39 |       |       |       |       ||    73
       Staff             |       |       |    85 |    73 |   215 |   308 |    68 ||   749
       Constrict         |       |       |       |       |    40 |    55 |    12 ||   107
Throw: Dart              |       |       |     2 |       |       |       |       ||     2
 Cast: Shock             |    56 |    88 |   269 |   160 |    24 |       |       ||   597
       Static Discharge  |       |     8 |    31 |    88 |   101 |    17 |       ||   245
       Airstrike         |       |       |     3 |    13 |    20 |     9 |       ||    45
       Iskenderun's Myst |       |       |     3 |     1 |     3 |    22 |    22 ||    51
       Lightning Bolt    |       |       |       |    59 |   234 |   206 |    16 ||   515
       Summon Lightning  |       |       |       |       |     1 |     1 |       ||     2
       Stone Arrow       |       |       |       |       |    10 |    24 |       ||    34
       Orb of Destructio |       |       |       |       |     3 |   175 |    10 ||   188
       Freezing Cloud    |       |       |       |       |       |    25 |     8 ||    33
       Iron Shot         |       |       |       |       |       |     3 |       ||     3
 Abil: Spit Poison       |       |    11 |     8 |     4 |       |       |       ||    23
Evoke: Wand              |       |       |       |     1 |     6 |     5 |     5 ||    17
  Use: Scroll            |       |     5 |     2 |     8 |    19 |    12 |     2 ||    48
       Potion            |       |       |     2 |     4 |     6 |     2 |     1 ||    15
 Stab: Sleeping          |     3 |     3 |       |       |     1 |     6 |       ||    13
       Distracted        |       |       |       |       |     3 |       |       ||     3
Armor: Robe              |    14 |    28 |    43 |    54 |   157 |   147 |    44 ||   487
Dodge: Dodged            |    40 |    65 |   113 |   144 |   372 |   290 |    66 ||  1090
Block: Buckler           |       |       |       |       |       |    73 |    45 ||   118
       Kite shield       |       |       |       |       |       |    75 |       ||    75
